AoeStats
← MZTK | KaLiuM

Black Forest

509796601Analyzed
4v4 RM · 4d ago on Sep 28, 2026· 62m 54s· 8 players
Game mode
Random Map
Map size
Large (8 player)
Population
200
Speed
Normal
Resources
Standard
Victory
Conquest
Starting age
Dark Age
Ending age
Imperial Age
RankedLock teamsTeams togetherTeam positionsShared explorationLock speedFull tech treeHidden civsTurbo modeCheats
Victory
Defeat
🇦🇷 Malay · Argentina
1518
+18
🇵🇪 Danes · Peru
1495
+19
🇺🇸 Chinese · United States
1493
+19
🇲🇽 Varangians · Mexico
1490
+19
🇨🇳 Burmese · China
1642
-22
🇨🇳 Britons · China
1565
-19
🇨🇴 Mongols · Colombia
1521
-17
🇺🇸 Persians · United States
1519
-17
[VL] Rio_BlancoVER
11:14 Feudal Age
11:44 Double-Bit Axe
15:27 Castle Age
14:12 Horse Collar
14:24 Gold Mining
16:24 Bow Saw
19:13 Loom
21:26 Wheelbarrow
20:39 Town Watch
22:09 Heavy Plow
23:02 Hand Cart
24:49 Gold Shaft Mining
24:07 Stone Mining
29:01 Imperial Age
27:14 Scale Barding Armor
27:20 Forging
28:16 Chain Barding Armor
29:20 Iron Casting
28:59 Bloodlines
28:50 Husbandry
29:49 Stone Shaft Mining
28:45 Cavalier
31:02 Plate Barding Armor
30:25 Savar
31:01 Heavy Camel Rider
34:08 Conscription
37:12 Blast Furnace
37:43 Fletching
37:46 Pikeman
38:27 Squires
38:28 Scale Mail Armor
39:20 Halberdier
40:17 Chain Mail Armor
42:02 Plate Mail Armor
43:27 Elite Skirmisher
44:12 Caravan
44:28 Guilds
44:48 Coinage
44:20 Bodkin Arrow
44:25 Padded Archer Armor
45:52 Ballistics
46:32 Chemistry
45:44 Masonry
45:37 Capped Ram
45:47 Light Cavalry
46:44 Leather Archer Armor
46:42 Siege Ram
46:45 Hussar
52:15 Two-Man Saw
54:04 Two-Man Saw
55:57 Ring Archer Armor
55:59 Architecture
57:00 Banking
60:32 Man-at-Arms
60:58 Gambesons
60:59 Arson
62:28 Kamandaran
61:51 Crossbowman
62:36 Thumb Ring
serendipity
0:43 Loom
11:06 Feudal Age
15:19 Castle Age
14:59 Double-Bit Axe
16:44 Stone Mining
17:54 Horse Collar
18:28 Fletching
20:23 Bodkin Arrow
25:44 Bow Saw
26:58 Wheelbarrow
31:05 Imperial Age
28:56 Gold Mining
29:52 Padded Archer Armor
30:41 Hand Cart
32:08 Ballistics
32:49 Chemistry
31:20 Pikeman
32:39 Crossbowman
34:09 Bracer
35:16 Arbalester
36:16 Leather Archer Armor
46:29 Caravan
59:12 Guilds
MZTK | KaLiuM
0:37 Loom
11:12 Feudal Age
14:59 Castle Age
13:16 Double-Bit Axe
13:55 Horse Collar
21:29 Bow Saw
23:17 Wheelbarrow
23:04 Heavy Plow
24:04 Stone Mining
24:42 Gold Mining
27:26 Hand Cart
30:56 Imperial Age
29:01 Caravan
28:55 Fletching
29:28 Town Watch
31:07 Padded Archer Armor
31:10 Onager
32:26 Siege Onager
33:15 Siege Engineers
33:39 Conscription
34:37 Chemistry
34:13 Bloodlines
34:03 Husbandry
34:02 Bodkin Arrow
34:34 Leather Archer Armor
34:56 Bracer
36:10 Town Patrol
36:33 Ballistics
36:24 Masonry
36:24 Thumb Ring
36:45 Parthian Tactics
35:43 Elite Mangudai
37:24 Drill
37:45 Scale Barding Armor
37:50 Forging
38:56 Capped Ram
39:54 Siege Ram
48:07 Chain Barding Armor
48:24 Iron Casting
47:48 Light Cavalry
51:23 Blast Furnace
49:59 Hussar
59:34 Scale Mail Armor
60:02 Heavy Scorpion
60:08 Heavy Scorpion
tim.13
10:53 Feudal Age
14:49 Castle Age
13:12 Horse Collar
16:31 Wheelbarrow
16:20 Heavy Plow
20:26 Stone Mining
22:43 Gold Mining
24:35 Gold Shaft Mining
28:22 Imperial Age
26:03 Padded Archer Armor
27:04 Ballistics
27:29 Fletching
28:11 Manipur Cavalry
28:34 Herbal Medicine
30:07 Chemistry
29:28 Conscription
28:29 Elite Arambai
29:04 Loom
29:04 Town Watch
29:35 Hand Cart
29:56 Bloodlines
29:47 Husbandry
30:23 Parthian Tactics
31:41 Caravan
33:29 Guilds
36:59 Bodkin Arrow
37:57 Coinage
41:34 Banking
51:19 Scale Barding Armor
51:25 Forging
53:37 Chain Barding Armor
54:19 Light Cavalry
57:03 Plate Barding Armor
57:04 Iron Casting
55:53 Hussar
57:35 Howdah
56:58 Elite Battle Elephant
Chris Bosh the Dinosaurman
0:27 Loom
10:55 Feudal Age
17:26 Castle Age
15:41 Stone Mining
16:10 Double-Bit Axe
16:46 Gold Mining
16:40 Horse Collar
19:08 Bow Saw
19:28 Heavy Plow
22:47 Gold Shaft Mining
26:16 Imperial Age
24:19 Fletching
26:05 Gold Shaft Mining
26:46 Bodkin Arrow
27:56 Ballistics
28:54 Wheelbarrow
29:02 Conscription
29:57 Hand Cart
30:55 Stone Shaft Mining
31:33 Bracer
31:34 Padded Archer Armor
32:35 Chemistry
31:46 Masonry
33:57 Elite Chu Ko Nu
35:42 Two-Man Saw
36:17 Leather Archer Armor
40:23 Rocketry
40:35 Ring Archer Armor
40:36 Architecture
40:02 Murder Holes
43:57 Caravan
44:35 Heavy Rocket Cart
48:58 Scale Mail Armor
49:09 Forging
51:29 Chain Mail Armor
51:49 Iron Casting
51:17 Squires
51:02 Arson
50:39 Man-at-Arms
50:43 Pikeman
52:05 Town Watch
53:08 Halberdier
53:32 Man-at-Arms
54:52 Plate Mail Armor
55:23 Blast Furnace
54:47 Bloodlines
54:37 Husbandry
53:58 Light Cavalry
54:44 Long Swordsman
55:35 Scale Barding Armor
55:28 Two-Handed Swordsman
57:08 Champion
58:51 Chain Barding Armor
60:29 Plate Barding Armor
smen
6:27 Loom
12:00 Feudal Age
14:13 Double-Bit Axe
14:18 Horse Collar
16:53 Castle Age
14:52 Gold Mining
16:54 Scale Barding Armor
17:43 Bow Saw
19:11 Heavy Plow
26:23 Wheelbarrow
25:36 Town Watch
28:03 Hand Cart
30:28 Imperial Age
28:08 Husbandry
28:42 Bloodlines
28:58 Chain Barding Armor
29:55 Forging
31:21 Iron Casting
31:54 Plate Barding Armor
30:41 Cavalier
32:16 Crop Rotation
32:54 Two-Man Saw
32:48 Gothikon
32:51 Vendel Legacy
33:52 Conscription
36:19 Light Cavalry
38:01 Blast Furnace
36:54 Fletching
38:08 Chemistry
37:19 Masonry
37:41 Caravan
37:53 Guilds
40:05 Hussar
41:59 Capped Ram
52:38 Bodkin Arrow
55:03 Bracer
56:18 Architecture
55:54 Siege Engineers
56:10 Ballistics
55:32 Treadmill Crane
57:34 Siege Ram
60:43 Scale Mail Armor
60:05 Pikeman
60:46 Squires
61:13 Halberdier
61:39 Arson
62:32 Murder Holes
63:27 Chain Mail Armor
VuLtrox y los chavales
0:47 Loom
11:57 Feudal Age
18:03 Castle Age
17:04 Double-Bit Axe
26:13 Wheelbarrow
27:51 Caravan
28:17 Town Watch
32:02 Imperial Age
30:19 Gold Mining
30:32 Caravan
31:53 Town Patrol
32:14 Scale Mail Armor
32:24 Forging
31:40 Hamask
32:55 Onager
34:16 Bow Saw
34:23 Northmen's Fury
36:09 Siege Engineers
36:54 Iron Casting
37:37 Horse Collar
39:12 Hoardings
38:49 Masonry
39:46 Fletching
40:17 Ballistics
41:21 Chemistry
40:32 Siege Onager
43:58 Gold Shaft Mining
44:01 Heavy Plow
44:01 Bodkin Arrow
44:34 Elite Varangian Guard
45:15 Squires
45:34 Chain Mail Armor
45:55 Iron Casting
47:31 Plate Mail Armor
47:28 Conscription
50:04 Blast Furnace
51:10 Hand Cart
53:40 Arson
55:09 Capped Ram
56:56 Siege Ram
57:40 Pikeman
58:31 Halberdier
61:17 Bracer
Tonguera
11:51 Feudal Age
15:13 Castle Age
13:21 Double-Bit Axe
15:22 Bow Saw
15:30 Horse Collar
18:06 Heavy Plow
21:29 Wheelbarrow
21:28 Stone Mining
22:55 Gold Mining
24:47 Hand Cart
25:06 Loom
25:06 Town Watch
26:40 Gold Shaft Mining
29:42 Imperial Age
27:19 Scale Barding Armor
27:25 Forging
28:44 Husbandry
29:33 Iron Casting
29:38 Conscription
28:50 Elite Battle Elephant
30:13 Crop Rotation
31:28 Blast Furnace
32:04 Fletching
33:32 Pikeman
34:12 Squires
34:23 Halberdier
36:08 Bodkin Arrow
38:26 Bracer
40:17 Chemistry
41:42 Bombard Tower
47:33 Light Cavalry
54:01 Ballistics
56:12 Caravan
62:46 Coinage
Connection lost

Rejoining the realm…

Still unreachable

The connection could not be restored.

Session expired

The server has moved on; the page needs a fresh start.